 Dungeon Crawl Stone Soup version 0.27-a0-931-g5a74e75d8f (webtiles) character file.

Game seed: 15424778913130662570

36 polve the Ruffian (level 3, -1/30 HPs)
             Began as a Draconian Transmuter on Apr 10, 2021.
             Succumbed to an adder's poison
             ... on level 2 of the Dungeon.
             The game lasted 00:00:43 (929 turns).

polve the Ruffian (Draconian Transmuter)             Turns: 929, Time: 00:00:44

Health: -1/30      AC:  5    Str: 12    XL:     3   Next: 19%
Magic:  5/6        EV: 12    Int: 14    God:
Gold:   0          SH:  0    Dex: 11    Spells: 5/6 levels left

rFire    . . .     SeeInvis .     - Unarmed
rCold    . . .     Faith    .   (no shield)
rNeg     . . .     Spirit   .   (armour unavailable)
rPois    .         Reflect  .   (helmet currently unavailable)
rElec    .         Harm     .   (no cloak)
rCorr    .         Rampage  .   (no gloves)
Will     .....     Rnd*Rage +   (boots currently unavailable)
Stlth    +.........             (no amulet)
HPRegen  0.10/turn              (no ring)
MPRegen  0.10/turn              (no ring)

@: lethally poisoned (-1 -> -9), appendages
A: horns 2, talons 2, AC +5, unfitting armour, cold-blooded, berserk 1, mutation
resistance 1
a: End Transformation


You were on level 2 of the Dungeon.
You had temporarily grown beastly horns and talons.
You visited 1 branch of the dungeon, and saw 2 of its levels.

Inventory:

Armour
 b - a +0 pair of gloves
Jewellery
 c - a ring of protection from fire


   Skills:
 + Level 2.5 Fighting
 - Level 1.7 Dodging
 + Level 3.7 Unarmed Combat
 - Level 2.0 Spellcasting
 - Level 2.0 Transmutations


You had 5 spell levels left.
You knew the following spells:

 Your Spells              Type           Power      Damage    Failure   Level
a - Beastly Appendage     Tmut           14%        N/A       11%         1

Your spell library contained the following spells:

 Spells                   Type           Power      Damage    Failure   Level
 Wereblood                Tmut           7%         N/A       16%         2
 Spider Form              Tmut/Pois      2%         N/A       43%         3
 Confusing Touch          Hex            1%         N/A       56%         3
 Gell's Gravitas          Tloc           0%         N/A       56%         3
 Ice Form                 Ice/Tmut       4%         N/A       83%         4
 Petrify                  Tmut/Erth      4%         N/A       83%         4
 Hydra Form               Tmut           3%         N/A       96%         5
 Yara's Violent Unravell  Hex/Tmut       2%         3d3       99%         5
 Metabolic Englaciation   Hex/Ice        0%         N/A       100%        5


Dungeon Overview and Level Annotations

Branches:
Dungeon (2/15)

Altars:


Innate Abilities, Weirdness & Mutations

You have temporarily grown beastly horns and talons.
Your plain brown scales are hard. (AC +5)
You cannot fit into any form of body armour.
You are cold-blooded and may be slowed by cold attacks.
You tend to lose your temper in combat.
You are somewhat resistant to further mutation.


Message History

You are too injured to fight recklessly!
You are too injured to fight recklessly!
You are too injured to fight recklessly!
You hit the adder. Your kick misses the adder. Your headbutt misses the adder.
The adder is moderately wounded.
The adder bites you but does no damage. x3
You closely miss the adder.
The adder is moderately wounded.
The adder bites you. The adder bites you but does no damage.
You hit the adder but do no damage.
Your tail-slap misses the adder.
The adder is moderately wounded.
Your transformation is almost over.
The adder bites you. The adder closely misses you.
The adder bites you but does no damage.
You miss the adder. Your kick misses the adder.
The adder is moderately wounded.
The adder bites you. The adder bites you but does no damage.
You closely miss the adder.
The adder is moderately wounded.
The adder bites you.
You are poisoned.
The adder poisons you! The adder closely misses you.
Casting: Beastly Appendage (safe; 11% risk of failure)
Confirm with . or Enter, or press ? or * to list all spells.
You extend your transformation's duration.
You feel sick. The adder bites you.
You are more poisoned.
The adder poisons you! The adder bites you.
* * * LOW HITPOINT WARNING * * *
The adder bites you.
* * * LOW HITPOINT WARNING * * *
You hit the adder but do no damage. You claw the adder.
Your headbutt misses the adder.
The adder is severely wounded.
* * * LOW HITPOINT WARNING * * *
You feel sick. The adder bites you but does no damage.
The adder closely misses you.
It was a potion of mutation.
You feel extremely strange.
You feel genetically stable.
You feel a little pissed off.
You die...

#.##....##.........
#........).........
....#...####........
# #.#...............
#.#..######.......
#.................
####...########.#.###
#...S........ ......
#...@.##..... .....
#...S.# ..... #.....#
.... #.....# ....
#.....# ... #.<...#
#.....# ####+##


You could see 2 adders.

Vanquished Creatures
  A gnoll (D:1)
  A dart slug (D:1)
  5 ball pythons (D:1)
  3 bats (D:1)
  2 endoplasms
  A giant cockroach (D:1)
  4 goblins
  A hobgoblin (D:1)
  2 frilled lizards (D:1)
  4 rats (D:1)
24 creatures vanquished.

Notes
Turn   | Place    | Note
-------+----------+-------------------------------------------
     0 | D:1      | polve the Draconian Transmuter began the quest for the Orb.
     0 | D:1      | Reached XP level 1. HP: 16/16 MP: 3/3
    44 | D:1      | Reached XP level 2. HP: 24/24 MP: 5/5
   736 | D:1      | Reached XP level 3. HP: 18/30 MP: 6/6
   928 | D:2      | HP: 1/30 [poisoned by an adder]
   929 | D:2      | Gained mutation: You are somewhat resistant to further
                  | mutation. [potion of mutation]
   929 | D:2      | Gained mutation: You tend to lose your temper in combat.
                  | [potion of mutation]
   929 | D:2      | Succumbed to an adder's poison

Illustrated notes

Levels and vault maps discovered:
D:1:      dpeg_arrival_windows_large_door, layout_loops_ring
D:2:      minmay_general_purpose_star, layout_basic,
          minmay_misc_feat_more_columns, chequers_serial_rivers_micro_d,
          minmay_tree_intersection

Skill      XL: |  1  2 |
---------------+-------+-----
Fighting       | 2 |  2.5
Dodging        | |  1.7
Unarmed Combat | |  3.7
Spellcasting   | |  2.0
Transmutations | |  2.0

Action                   || total
-------------------------++-------
Melee: Unarmed           ||    76
       Tailslap          ||     5
       Kick              ||     1
 Cast: Beastly Appendage ||     2
  Use: Potion            ||     1
 Stab: Sleeping          ||     2
Armor: Skin              ||    24
Dodge: Dodged            ||    43

Table legend: (Time is in decaauts)
 A = Elapsed time spent in this place.
 B = Non-inter-level travel time spent in this place.
 C = Inter-level travel time spent in this place.
 D = Time resting spent in this place.
 E = Time spent auto-exploring this place.
 F = Levels seen in this place.
 G = Mean time per level.
                   A        B        C        D        E       F      G
               +--------+--------+--------+--------+--------+-----+--------+
         Total |    925 |    901 |     24 |      0 |    754 |   2 |  462.5 |
       Dungeon |    925 |    901 |     24 |      0 |    754 |   2 |  462.5 |
               +--------+--------+--------+--------+--------+-----+--------+

Top non-repeatable levels by time:
     D:1: 881 daAuts
     D:2: 43 daAuts
